3L
D.C. DIVIDED @ CLEVELAND BROWNS
09/21/2039
 
TOP OF THE 1ST
D.C. Divided batting - Pitching for Cleveland Browns : RHP Ryunosuke Kurota
Pitching: RHP Ryunosuke Kurota
Batting: RHB Kimi Okubo 0-0: Fly out, F9 (Flyball, 9LM, EV 96.2 MPH)
Batting: LHB Bill Butler 0-0: Ball
1-0: Called Strike
1-1: Ball
2-1: Ball
3-1: Called Strike
3-2: Fly out, F7 (Flyball, 78D, EV 101.9 MPH)
Batting: RHB Martín Chávez 0-0: Ball
1-0: Ball
2-0: Foul Ball, location: 2F
2-1: Foul Ball, location: 2F
2-2: Ball
3-2: Hit by Pitch
Batting: LHB Craig Morgan 0-0: Called Strike
0-1: Foul Ball, location: 2F
0-2: Ball
1-2: Ball
2-2: Foul Ball, location: 2F
2-2: Ball
Martín Chávez steals 2nd base (no throw)
3-2: Foul Ball, location: 2F
3-2: SINGLE (Flyball, 89M, EV 93.1 MPH)
Martín Chávez to third
Martín Chávez scores
Batting: LHB Alex Avery 0-0: Ball
1-0: Called Strike
1-1: Called Strike
1-2: Strikes out swinging
Top of the 1st over - 1 run, 1 hit, 0 errors, 1 left on base; D.C. 1 - Cleveland 0
BOTTOM OF THE 1ST
Cleveland Browns batting - Pitching for D.C. Divided : LHP Greguorio Espora
Pitching: LHP Greguorio Espora
Batting: RHB Carlos Martínez 0-0: Ball
1-0: Ground out 5-3 (Groundball, 56, EV 107.5 MPH)
Batting: RHB Katsuhiko Ishihara 0-0: Ball
1-0: DOUBLE (Groundball, 5L, EV 100.6 MPH)
Batting: RHB Tom Camden 0-0: Ball
1-0: Called Strike
1-1: Foul Ball, location: 2F
1-2: Strikes out swinging
Batting: LHB Sadatake Abe 0-0: Foul Ball, location: 2F
0-1: Fly out, F6 (Popup, 15, EV 81.9 MPH)
Bottom of the 1st over - 0 runs, 1 hit, 0 errors, 1 left on base; D.C. 1 - Cleveland 0
TOP OF THE 2ND
D.C. Divided batting - Pitching for Cleveland Browns : RHP Ryunosuke Kurota
Batting: RHB Jay Hood 0-0: Foul Ball, location: 2F
0-1: Fly out, F2 (Popup, 23F, EV 76.2 MPH)
Batting: LHB Stanley Zijm 0-0: Ball
1-0: Ball
2-0: Called Strike
2-1: Ball
3-1: Base on Balls
Batting: RHB Mario Castillo 0-0: Swinging Strike
0-1: Ball
1-1: Foul Ball, location: 2F
1-2: Ball
2-2: Foul Ball, location: 2F
2-2: Foul Ball, location: 2F
2-2: Foul Ball, location: 2F
2-2: DOUBLE (Line Drive, 8RXD, EV 106.9 MPH)
Stanley Zijm to third
Runner from 3rd tries for Home, SAFE, throw by CF to home
Batting: RHB Nick Boyd 0-0: Ball
1-0: Ball
2-0: Called Strike
2-1: Swinging Strike
2-2: Ball
3-2: Strikes out swinging
Batting: RHB Kimi Okubo 0-0: Foul Ball, location: 2F
0-1: Ball
1-1: Called Strike
1-2: Foul Ball, location: 2F
1-2: Ball
2-2: Foul Ball, location: 2F
2-2: Fly out, F7 (Flyball, 7S, EV 81.2 MPH)
Top of the 2nd over - 1 run, 1 hit, 0 errors, 1 left on base; D.C. 2 - Cleveland 0
BOTTOM OF THE 2ND
Cleveland Browns batting - Pitching for D.C. Divided : LHP Greguorio Espora
Batting: RHB Jack Bonner 0-0: Called Strike
0-1: Ground out U3 (Groundball, 3, EV 81.9 MPH)
Batting: LHB León Castillo 0-0: Called Strike
0-1: Swinging Strike
0-2: Ball
1-2: Ball
2-2: Strikes out swinging
Batting: LHB Lauren Hilfiker 0-0: Ball
1-0: Ball
2-0: Ball
3-0: Base on Balls
Batting: LHB Surender Nada 0-0: Called Strike
0-1: Swinging Strike
0-2: Strikes out swinging
Bottom of the 2nd over - 0 runs, 0 hits, 0 errors, 1 left on base; D.C. 2 - Cleveland 0
TOP OF THE 3RD
D.C. Divided batting - Pitching for Cleveland Browns : RHP Ryunosuke Kurota
Batting: LHB Bill Butler 0-0: Ball
1-0: Ball
2-0: Fly out, F9 (Flyball, 89M, EV 80.6 MPH)
Batting: RHB Martín Chávez 0-0: Fly out, F8 (Flyball, 8RM, EV 92.5 MPH)
Batting: LHB Craig Morgan 0-0: Ground out 5-3 (Groundball, 56S, EV 93.8 MPH)
Top of the 3rd over - 0 runs, 0 hits, 0 errors, 0 left on base; D.C. 2 - Cleveland 0
BOTTOM OF THE 3RD
Cleveland Browns batting - Pitching for D.C. Divided : LHP Greguorio Espora
Batting: RHB Yu-shu Tseng 0-0: Ground out 5-3 (Groundball, 5S, EV 73.8 MPH)
Batting: RHB Carlos Martínez 0-0: Ball
1-0: Ball
2-0: Called Strike
2-1: Ground out 3-1 (Groundball, 34S, EV 85.0 MPH)
Batting: RHB Katsuhiko Ishihara 0-0: Ball
1-0: Ball
2-0: Ball
3-0: Base on Balls
Batting: RHB Tom Camden 0-0: DOUBLE (Flyball, 9LD, EV 96.9 MPH)
Katsuhiko Ishihara to third
Runner from 3rd tries for Home, SAFE, throw by RF to trailing runner, SAFE at third!
Batting: LHB Sadatake Abe 0-0: Ball
1-0: Called Strike
1-1: Foul Ball, location: 2F
1-2: Fly out, F8 (Flyball, 8LD, EV 103.1 MPH)
Bottom of the 3rd over - 1 run, 1 hit, 0 errors, 1 left on base; D.C. 2 - Cleveland 1
TOP OF THE 4TH
D.C. Divided batting - Pitching for Cleveland Browns : RHP Ryunosuke Kurota
Batting: LHB Alex Avery 0-0: Called Strike
0-1: Ball
1-1: Foul Ball, location: 2F
1-2: Foul Ball, location: 2F
1-2: Foul Ball, location: 2F
1-2: Foul Ball, location: 2F
1-2: Ball
2-2: Ball
3-2: Fly out, F8 (Flyball, 89D, EV 96.9 MPH)
Batting: RHB Jay Hood 0-0: Called Strike
0-1: Ball
1-1: Foul Ball, location: 2F
1-2: Strikes out looking
Batting: LHB Stanley Zijm 0-0: Called Strike
0-1: Called Strike
0-2: Ball
1-2: Ball
2-2: Ball
3-2: Strikes out swinging
Top of the 4th over - 0 runs, 0 hits, 0 errors, 0 left on base; D.C. 2 - Cleveland 1
BOTTOM OF THE 4TH
Cleveland Browns batting - Pitching for D.C. Divided : LHP Greguorio Espora
Batting: RHB Jack Bonner 0-0: Ball
1-0: Called Strike
1-1: Ground out 6-3 (Groundball, 6M, EV 103.8 MPH)
Batting: LHB León Castillo 0-0: Ball
1-0: Ball
2-0: Called Strike
2-1: Ball
3-1: Swinging Strike
3-2: Foul Ball, location: 2F
3-2: Strikes out swinging
Batting: LHB Lauren Hilfiker 0-0: Ball
1-0: Ball
2-0: Ball
3-0: Called Strike
3-1: Called Strike
3-2: DOUBLE (Line Drive, 78M, EV 110.0 MPH)
Batting: LHB Surender Nada 0-0: Foul Ball, location: 2F
0-1: Ball
1-1: Ground out U3 (Groundball, 34, EV 106.2 MPH)
Bottom of the 4th over - 0 runs, 1 hit, 0 errors, 1 left on base; D.C. 2 - Cleveland 1
TOP OF THE 5TH
D.C. Divided batting - Pitching for Cleveland Browns : RHP Ryunosuke Kurota
Batting: RHB Mario Castillo 0-0: Ball
1-0: SINGLE (Groundball, 4MD, EV 103.1 MPH)
Batting: RHB Nick Boyd 0-0: Ball
1-0: Sac Bunt to 23 - play at first, batter OUT! 3-4
Mario Castillo to second
Batting: RHB Kimi Okubo 0-0: Called Strike
0-1: Ball
1-1: Ball
2-1: Ball
3-1: Base on Balls
Batting: LHB Bill Butler 0-0: Called Strike
0-1: Ball
1-1: Ball
2-1: Ball
3-1: Foul Ball, location: 2F
3-2: Base on Balls
Mario Castillo to third
Kimi Okubo to second
Batting: RHB Martín Chávez 0-0: Foul Ball, location: 2F
0-1: Ball
1-1: Ball
2-1: Swinging Strike
2-2: Foul Ball, location: 2F
2-2: Ball
3-2: Base on Balls
Mario Castillo scores
Kimi Okubo to third
Bill Butler to second
Batting: LHB Craig Morgan 0-0: Called Strike
0-1: Ball
1-1: Called Strike
1-2: DOUBLE (Line Drive, 7LM, EV 115.0 MPH)
Kimi Okubo scores
Bill Butler scores
Martín Chávez to third
Pitching: RHP Hsiao-lou Lei
Batting: LHB Alex Avery 0-0: Fly out, F9 (Flyball, 9S, EV 86.9 MPH)
Runner from 3rd tags up, SCORES, throw by RF
Craig Morgan to third
Batting: RHB Jay Hood 0-0: Fly out, F7 (Flyball, 7LS, EV 75.0 MPH)
Top of the 5th over - 4 runs, 2 hits, 0 errors, 1 left on base; D.C. 6 - Cleveland 1
BOTTOM OF THE 5TH
Cleveland Browns batting - Pitching for D.C. Divided : LHP Greguorio Espora
Batting: RHB Yu-shu Tseng 0-0: Ball
1-0: Called Strike
1-1: Called Strike
1-2: Strikes out swinging
Batting: RHB Carlos Martínez 0-0: Ball
1-0: Fly out, F6 (Popup, 4MD, EV 68.8 MPH)
Batting: RHB Katsuhiko Ishihara 0-0: Ball
1-0: Called Strike
1-1: Ground out 6-3 (Groundball, 6S, EV 63.1 MPH)
Bottom of the 5th over - 0 runs, 0 hits, 0 errors, 0 left on base; D.C. 6 - Cleveland 1
TOP OF THE 6TH
D.C. Divided batting - Pitching for Cleveland Browns : RHP Hsiao-lou Lei
Batting: LHB Stanley Zijm 0-0: SINGLE (Groundball, 4MD, EV 101.2 MPH)
Batting: RHB Mario Castillo 0-0: SINGLE (Line Drive, 34, EV 96.2 MPH)
Stanley Zijm to second
Batting: RHB Nick Boyd 0-0: Sac Bunt to 23 - play at first, batter OUT! 3-4
Stanley Zijm to third
Mario Castillo to second
Batting: RHB Kimi Okubo 0-0: Called Strike
0-1: Ball
1-1: Foul Ball, location: 2F
1-2: Ball
2-2: Fly out, F8 (Flyball, 8LM, EV 86.9 MPH)
Batting: LHB Bill Butler 0-0: Ball
1-0: Foul Ball, location: 2F
1-1: Called Strike
1-2: Ball
2-2: Ball
3-2: Foul Ball, location: 2F
3-2: Base on Balls
Batting: RHB Martín Chávez 0-0: Fielders Choice at 2nd, 6-4 (Groundball, 56D, EV 98.1 MPH)
Top of the 6th over - 0 runs, 2 hits, 0 errors, 3 left on base; D.C. 6 - Cleveland 1
BOTTOM OF THE 6TH
Cleveland Browns batting - Pitching for D.C. Divided : LHP Greguorio Espora
Batting: RHB Tom Camden 0-0: DOUBLE (Flyball, 89D, EV 91.9 MPH)
Batting: LHB Sadatake Abe 0-0: Called Strike
0-1: SINGLE (Line Drive, 7S, EV 107.5 MPH)
Tom Camden to third
Throwing error, E7
Tom Camden scores
Sadatake Abe to second
Batting: RHB Jack Bonner 0-0: Ball
1-0: Ball
2-0: Fly out, F9 (Flyball, 89M, EV 91.2 MPH)
Batting: LHB León Castillo 0-0: Ball
1-0: Ball
2-0: Called Strike
2-1: Called Strike
2-2: Foul Ball, location: 2F
2-2: Strikes out looking
Batting: LHB Lauren Hilfiker 0-0: Swinging Strike
0-1: Ground out 3-1 (Groundball, 34, EV 104.4 MPH)
Bottom of the 6th over - 1 run, 2 hits, 1 error, 1 left on base; D.C. 6 - Cleveland 2
TOP OF THE 7TH
D.C. Divided batting - Pitching for Cleveland Browns : RHP Hsiao-lou Lei
Batting: LHB Craig Morgan 0-0: Ball
1-0: Ball
2-0: Ball
3-0: Called Strike
3-1: Foul Ball, location: 2F
3-2: Ground out 1-3 (Groundball, 13S, EV 74.4 MPH)
Batting: LHB Alex Avery 0-0: Called Strike
0-1: Ball
1-1: Foul Ball, location: 2F
1-2: Ball
2-2: Foul Ball, location: 2F
2-2: Ball
3-2: Foul Ball, location: 2F
3-2: Fly out, F8 (Flyball, 8RXD, EV 77.5 MPH)
Batting: RHB Jay Hood 0-0: Ball
1-0: Ground out 1-3 (Groundball, 13S, EV 73.1 MPH)
Top of the 7th over - 0 runs, 0 hits, 0 errors, 0 left on base; D.C. 6 - Cleveland 2
BOTTOM OF THE 7TH
Cleveland Browns batting - Pitching for D.C. Divided : LHP Greguorio Espora
Batting: LHB Surender Nada 0-0: Foul Ball, location: 2F
0-1: Ball
1-1: Ball
2-1: Fly out, F7 (Line Drive, 7D, EV 100.6 MPH)
Batting: RHB Yu-shu Tseng 0-0: Swinging Strike
0-1: Ball
1-1: Swinging Strike
1-2: Strikes out swinging
Batting: RHB Carlos Martínez 0-0: Ground out 5-3 (Groundball, 5, EV 85.0 MPH)
Bottom of the 7th over - 0 runs, 0 hits, 0 errors, 0 left on base; D.C. 6 - Cleveland 2
TOP OF THE 8TH
D.C. Divided batting - Pitching for Cleveland Browns : RHP Hsiao-lou Lei
Batting: LHB Stanley Zijm 0-0: Called Strike
0-1: Foul Ball, location: 2F
0-2: Ground out 3-1 (Groundball, 34, EV 83.8 MPH)
Batting: RHB Mario Castillo 0-0: Ball
1-0: Called Strike
1-1: Ball
2-1: Called Strike
2-2: Foul Ball, location: 2F
2-2: Ball
3-2: Strikes out swinging
Batting: RHB Nick Boyd 0-0: Called Strike
0-1: Ball
1-1: Ball
2-1: Foul Ball, location: 2F
2-2: Ball
3-2: SINGLE (Groundball, 4MD, EV 105.0 MPH)
Batting: RHB Kimi Okubo 0-0: Ball
Nick Boyd steals 2nd base
1-0: Ball
2-0: Called Strike
2-1: Called Strike
2-2: Foul Ball, location: 2F
2-2: Ball
3-2: Strikes out swinging
Top of the 8th over - 0 runs, 1 hit, 0 errors, 1 left on base; D.C. 6 - Cleveland 2
BOTTOM OF THE 8TH
Cleveland Browns batting - Pitching for D.C. Divided : LHP Greguorio Espora
Batting: RHB Katsuhiko Ishihara 0-0: SOLO HOME RUN (Flyball, 7D, EV 101.2 MPH), Distance : 376 ft
Batting: RHB Tom Camden 0-0: Ball
1-0: Fly out, F9 (Flyball, 9D, EV 98.1 MPH)
Batting: LHB Sadatake Abe 0-0: Ball
1-0: Foul Ball, location: 2F
1-1: Ball
2-1: Foul Ball, location: 2F
2-2: Ground out U3 (Groundball, 3, EV 85.0 MPH)
Batting: RHB Jack Bonner 0-0: Called Strike
0-1: Called Strike
0-2: Ball
1-2: Ball
2-2: Strikes out swinging
Bottom of the 8th over - 1 run, 1 hit, 0 errors, 0 left on base; D.C. 6 - Cleveland 3
TOP OF THE 9TH
D.C. Divided batting - Pitching for Cleveland Browns : RHP Hsiao-lou Lei
Batting: LHB Bill Butler 0-0: Ball
1-0: Fly out, F7 (Flyball, 78S, EV 89.4 MPH)
Batting: RHB Martín Chávez 0-0: Called Strike
0-1: DOUBLE (Flyball, 89XD, EV 113.8 MPH)
Pitching: RHP Martín García
Batting: LHB Craig Morgan 0-0: Called Strike
Martín Chávez is caught stealing 3rd base 2-5
0-1: Called Strike
0-2: Ball
1-2: Strikes out swinging
Top of the 9th over - 0 runs, 1 hit, 0 errors, 0 left on base; D.C. 6 - Cleveland 3
BOTTOM OF THE 9TH
Cleveland Browns batting - Pitching for D.C. Divided : LHP Greguorio Espora
Pitching: RHP Sidney Crosbie
Now at C: Gustavo González
Batting: LHB León Castillo 0-0: Ball
1-0: Foul Ball, location: 2F
1-1: SOLO HOME RUN (Flyball, 7LD, EV 92.5 MPH), Distance : 348 ft
Batting: LHB Lauren Hilfiker 0-0: Ball
1-0: Foul Ball, location: 2F
1-1: Foul Ball, location: 2F
1-2: Ball
2-2: Ball
3-2: Foul Ball, location: 2F
3-2: Foul Ball, location: 2F
3-2: SOLO HOME RUN (Flyball, 9LD, EV 88.1 MPH), Distance : 357 ft
Batting: LHB Surender Nada 0-0: Ball
1-0: Ball
2-0: Ground out 1-3 (Groundball, P, EV 65.0 MPH)
Batting: RHB Yu-shu Tseng 0-0: Called Strike
0-1: Swinging Strike
0-2: Strikes out swinging
Pinch Hitting: LHB Danny Rodríguez 0-0: Called Strike
0-1: Ball
1-1: Foul Ball, location: 2F
1-2: Ball
2-2: Ball
3-2: Foul Ball, location: 2F
3-2: Base on Balls
Pitching: RHP Baker Mayfield
Batting: RHB Katsuhiko Ishihara 0-0: Ball
1-0: Ball
2-0: Ground out 4-3 (Groundball, 4, EV 85.6 MPH)
Bottom of the 9th over - 2 runs, 2 hits, 0 errors, 1 left on base; D.C. 6 - Cleveland 5
Wednesday, July 8th, 2020 - OOTP Baseball 20.8 Build 74